Map: Green Acres

Players

AceVentura

  • Race: Protoss Protoss
  • Spawn Location: 6:00

ForceForce

  • Race: Terran Terran
  • League: Silver
  • Spawn Location: 7:00

pritudor

  • Race: Protoss Protoss
  • Spawn Location: 9:00

Yourik

  • Race: Terran Terran
  • League: Silver
  • Spawn Location: 3:00

DarkFabinos

  • Race: Terran Terran
  • Spawn Location: 12:00

fuks

  • Race: Terran Terran
  • Spawn Location: 1:00

VOD

Have the link to the VOD?

Description

Time

  • Played on: Feb. 27, 2017, 1:41 p.m.
  • Length: 14:23
Show
View Real Time Build Order
Export as new Build Order

AceVentura Protoss 

Build Orders:  

Get SALT Encoding   

  12  1:17  Assimilator  
  12  1:23  Assimilator  
  12  1:30  Pylon  
  12  1:56  Gateway  
  12  2:04  Probe (Chrono Boost)  
  13  2:15  Probe (Chrono Boost)  
  14  2:22  Forge  
  14  2:25  Probe (Chrono Boost)  
  15  2:36  Probe (Chrono Boost)  
  16  2:46  Probe (Chrono Boost)  
  17  2:57  Cybernetics Core  
  17  3:07  Gateway  
  17  3:19  Pylon  
  17  3:45  Pylon  
  17  4:09  Pylon  
  17  4:33  Stargate  
  17  4:53  Robotics Facility  
  17  4:56  Warp Gate  
  17  5:07  Protoss Ground Weapons Level 1  
  17  5:12  Stalker  
  19  5:32  Void Ray  
  23  6:15  Immortal  
  27  6:50  Protoss Air Weapons Level 1  
  27  6:55  Immortal  
  35  7:01  Protoss Ground Armor Level 1  
  28  7:26  Void Ray  
  27  7:33  Pylon  
  27  8:01  Immortal  
  31  8:40  Immortal  
  31  8:41  Assimilator  
  35  8:44  Protoss Air Armor Level 1  
  35  8:55  Protoss Shields Level 1  
  35  9:06  Twilight Council  
  35  9:13  Probe (Chrono Boost)  
  36  9:19  Immortal  
  36  9:24  Probe (Chrono Boost)  
  41  9:34  Probe (Chrono Boost)  
  42  9:44  Stalker  
  42  9:45  Probe (Chrono Boost)  
  45  9:49  Stalker  
  47  10:02  Gateway  
  47  10:25  Pylon  
  47  10:35  Photon Cannon  
  47  10:41  Photon Cannon  
  47  10:43  Immortal  
  47  10:44  Mothership Core (Chrono Boost)  
  53  11:23  Pylon  
  53  11:46  Dark Shrine  
  53  11:51  Templar Archives  
  53  12:01  Fleet Beacon  
  53  12:09  Robotics Bay  
  17  13:00  Stalker  
  17  13:03  Dark Templar  
  2  13:30  Dark Templar  
Show
View Real Time Build Order
Export as new Build Order

ForceForce Terran 

Build Orders:  

Get SALT Encoding   

  12  0:03  SCV  
  13  0:21  Supply Depot  
  13  0:22  SCV  
  14  0:37  SCV  
  15  0:46  Barracks  
  15  0:49  SCV  
  16  0:50  Refinery  
  16  1:03  SCV  
  17  1:05  Barracks  
  17  1:13  Supply Depot  
  17  1:24  SCV  
  18  1:33  Engineering Bay  
  18  1:37  Reaper  
  19  1:45  SCV  
  20  1:49  Refinery  
  20  2:03  Supply Depot  
  20  2:04  SCV  
  20  2:05  Reaper  
  22  2:19  Reaper  
  23  2:34  SCV  
  24  2:37  Barracks  
  24  2:38  Reaper  
  25  2:51  Reaper, SCV  
  27  3:03  SCV  
  28  3:08  Supply Depot  
  28  3:10  Reaper  
  29  3:15  SCV  
  30  3:23  Reaper  
  30  3:25  Reaper  
  32  3:37  SCV  
  33  3:41  Supply Depot  
  33  3:42  Reaper  
  34  3:49  SCV  
  34  3:55  Reaper  
  36  3:57  Reaper  
  36  4:01  SCV  
  34  4:24  Reaper  
  35  4:25  SCV  
  35  4:27  Reaper  
  37  4:37  SCV  
  38  4:43  Reaper  
  37  4:56  Reaper  
  34  5:28  Reaper x2  
  34  5:30  SCV  
  36  5:42  Reaper  
  37  5:43  SCV  
  38  5:53  Command Center  
  38  5:55  Factory  
  38  5:59  Planetary Fortress  
  38  6:00  Reaper  
  38  6:01  Marine  
  20  7:38  Reaper  
  20  7:59  Factory  
  20  8:03  Supply Depot  
  20  8:10  Reaper  
  21  8:17  SCV  
  22  8:26  Supply Depot  
  22  8:29  SCV  
  23  8:41  SCV  
  23  8:42  Reaper  
  25  8:50  Supply Depot  
  25  8:51  Starport  
  25  9:03  SCV  
  26  9:14  Reaper  
  26  9:15  SCV  
  28  9:28  SCV  
  28  9:29  Starport  
  29  9:47  Reaper  
  30  9:54  Starport Tech Lab  
  2  12:15  Barracks  
Show
View Real Time Build Order
Export as new Build Order

pritudor Protoss 

Build Orders:  

Get SALT Encoding   

  12  0:02  Probe (Chrono Boost)  
  13  0:18  Probe (Chrono Boost)  
  14  0:26  Pylon  
  14  0:29  Probe (Chrono Boost)  
  15  0:44  Probe (Chrono Boost)  
  15  0:47  Gateway  
  16  0:54  Forge  
  16  0:55  Probe (Chrono Boost)  
  17  1:03  Assimilator  
  17  1:05  Probe (Chrono Boost)  
  17  1:11  Pylon  
  18  1:16  Probe (Chrono Boost)  
  19  1:26  Probe (Chrono Boost)  
  20  1:40  Cybernetics Core  
  20  1:46  Probe (Chrono Boost)  
  21  1:47  Assimilator  
  21  1:57  Probe (Chrono Boost), Photon Cannon  
  22  2:07  Probe (Chrono Boost)  
  23  2:11  Photon Cannon  
  23  2:12  Zealot  
  25  2:27  Warp Gate  
  25  2:29  Pylon  
  25  2:35  Gateway  
  25  2:44  Stalker, Gateway  
  27  3:01  Photon Cannon  
  27  3:10  Pylon  
  27  3:14  Stalker  
  27  3:15  Twilight Council  
  31  3:28  Mothership Core (Chrono Boost)  
  31  3:37  Photon Cannon  
  31  3:48  Probe (Chrono Boost)  
  32  3:59  Pylon  
  32  4:02  Blink  
  32  4:07  Protoss Ground Weapons Level 1  
  32  4:30  Nexus  
  32  4:34  Pylon  
  32  4:41  Pylon  
  32  4:54  Photon Cannon  
  32  5:09  Photon Cannon  
  32  5:13  Probe (Chrono Boost)  
  33  5:23  Stalker  
  33  5:24  Stalker  
  33  5:25  Probe (Chrono Boost)  
  38  5:30  Pylon  
  38  5:38  Stalker  
  40  5:47  Stalker  
  40  5:48  Stalker  
  44  6:07  Gateway  
  44  6:10  Gateway  
  42  6:38  Stalker  
  42  6:39  Stalker  
  46  6:40  Stalker  
  48  7:08  Stalker  
  48  7:09  Stalker  
  48  7:10  Stalker  
  48  7:14  Stalker  
  56  7:15  Stalker  
  54  8:07  Probe (Chrono Boost)  
  55  8:15  Stalker  
  55  8:17  Probe (Chrono Boost), Stalker  
  55  8:18  Stalker  
  55  8:19  Stalker  
  64  8:20  Stalker  
  64  8:26  Protoss Ground Armor Level 1  
  66  8:28  Probe (Chrono Boost)  
  66  8:33  Forge  
  67  8:38  Probe (Chrono Boost)  
  67  8:40  Stalker  
  67  8:41  Stalker  
  72  8:42  Stalker  
  74  8:49  Probe (Chrono Boost)  
  75  8:55  Pylon  
  75  8:59  Probe (Chrono Boost)  
  76  9:09  Assimilator  
  77  9:10  Probe (Chrono Boost)  
  77  9:17  Assimilator  
  77  9:21  Robotics Facility  
  77  9:27  Stalker  
  77  9:28  Stalker  
  81  9:33  Stalker  
  81  9:35  Stalker  
  48  9:55  Stalker  
  48  9:56  Stalker  
  48  9:57  Stalker  
  48  9:58  Stalker  
  48  9:59  Stalker  
  44  10:18  Stalker  
  35  10:43  Stalker  
  35  10:44  Stalker  
Show
View Real Time Build Order
Export as new Build Order

Yourik Terran 

Build Orders:  

Get SALT Encoding   

  12  0:14  SCV  
  12  0:17  Supply Depot  
  13  0:26  SCV  
  14  0:28  Refinery  
  14  0:38  SCV  
  15  0:46  Barracks  
  15  0:50  SCV  
  16  1:03  SCV  
  17  1:15  SCV  
  17  1:17  Supply Depot  
  18  1:27  SCV  
  19  1:39  SCV  
  20  1:40  Factory  
  20  1:43  Supply Depot  
  20  1:53  Marine  
  21  1:59  SCV  
  22  2:05  Refinery  
  22  2:06  Supply Depot  
  22  2:12  Reaper  
  23  2:23  SCV  
  23  2:26  Factory Tech Lab  
  24  2:35  SCV  
  25  2:40  Starport  
  25  2:49  Barracks Reactor  
  25  2:55  SCV  
  26  3:15  Siege Tank  
  26  3:18  Command Center  
  29  3:22  Starport Reactor  
  29  3:28  Barracks  
  29  3:38  Orbital Command  
  29  3:49  Engineering Bay  
  28  4:03  Siege Tank  
  28  4:07  Marine  
  28  4:08  Marine  
  33  4:22  Barracks Tech Lab  
  33  4:25  Medivac, Marine x2  
  33  4:30  Medivac  
  39  4:36  Bunker  
  39  4:43  Marine x2  
  42  4:45  SCV  
  39  5:01  Marine x2  
  31  5:21  SCV  
  32  5:28  Siege Tank  
  32  5:33  SCV  
  36  5:38  Marine x2  
  38  5:45  SCV  
  39  5:55  Marine  
  39  5:56  Marine  
  41  5:57  Medivac, SCV  
  41  6:00  Siege Tank  
  47  6:09  SCV  
  48  6:13  Marine x2  
  50  6:24  Command Center  
  50  6:27  Terran Infantry Weapons Level 1  
  50  6:32  Marine  
  50  6:33  Marine x2  
  52  6:54  Marine  
  52  6:55  Marine  
  54  7:12  Marine  
  55  7:43  Marine  
  55  7:44  Marine  
  37  8:00  Marine  
  37  8:01  Viking x2  
  42  8:25  Combat Shields  
  42  8:29  Marine x3  
  42  8:31  Viking x2  
  49  8:46  Marine  
  49  8:47  Marine  
  51  8:50  Siege Tank  
  54  9:10  Viking  
  56  9:18  Supply Depot  
  56  9:41  Supply Depot  
  56  10:00  SCV  
  56  10:03  Supply Depot  
  57  10:13  SCV  
  58  10:25  SCV  
  58  10:27  Supply Depot  
  59  10:29  Marine x3  
  62  10:37  SCV  
  63  10:47  Marine x3  
  63  10:49  SCV  
  66  11:01  SCV  
  65  11:04  Marine  
  65  11:05  Marine x2  
  64  11:22  Marine  
  58  13:22  Marine  
  58  13:23  Marine  
  60  13:30  Planetary Fortress  
  60  13:40  Marine x2  
  56  13:58  Marine x2  
Show
View Real Time Build Order
Export as new Build Order

DarkFabinos Terran 

Build Orders: MMM Bio 

Get SALT Encoding   

  12  0:01  SCV  
  13  0:14  SCV  
  14  0:24  Supply Depot  
  14  0:26  SCV  
  15  0:32  Refinery  
  15  0:39  Refinery  
  15  0:46  SCV  
  16  0:58  SCV  
  17  1:10  SCV  
  18  1:23  Barracks, SCV  
  19  1:33  Supply Depot  
  19  1:35  SCV  
  20  1:46  Engineering Bay  
  21  1:47  SCV  
  21  1:59  SCV  
  22  2:05  Barracks  
  22  2:10  Supply Depot  
  22  2:16  Marine  
  22  2:21  Missile Turret  
  23  2:34  Missile Turret  
  23  2:38  Barracks Reactor  
  23  2:40  Terran Infantry Weapons Level 1  
  23  2:55  Factory  
  23  2:58  Barracks Tech Lab  
  23  3:07  Planetary Fortress  
  23  3:14  Supply Depot  
  23  3:18  Marine  
  24  3:20  Marine  
  25  3:39  Marauder  
  25  3:40  Concussive Shells  
  27  3:51  Supply Depot  
  27  4:02  Marine x2  
  29  4:14  Missile Turret  
  29  4:23  Combat Shields  
  29  4:39  Marauder  
  29  4:41  Factory Tech Lab  
  31  4:47  Starport  
  31  4:52  Starport  
  31  4:56  Marine  
  31  4:57  Marine  
  33  5:01  Terran Infantry Armor Level 1  
  33  5:17  Marauder  
  33  5:18  Marine x2  
  37  5:30  Siege Tank  
  37  5:31  Starport Reactor  
  37  5:34  Starport Reactor  
  40  5:38  Supply Depot  
  40  5:42  Stimpack  
  40  5:57  Marine  
  40  6:02  Supply Depot  
  41  6:09  Marauder  
  43  6:48  Marine  
  43  6:49  Marine  
  45  6:57  Viking  
  45  6:58  Viking  
  45  7:01  Medivac x2  
  51  7:06  Marine x2  
  55  7:24  Marine x2  
  55  7:26  Marauder  
  59  7:31  Medivac x2  
  63  7:37  Viking x2  
  63  7:42  Marine x2  
  69  8:00  Marine x2  
  71  8:48  Supply Depot  
  71  9:09  Marine x2  
  71  9:10  Viking, Supply Depot, Siege Tank  
  78  9:27  Marine  
  79  9:32  Viking, Marauder, Marine  
  79  9:33  Supply Depot  
Show
View Real Time Build Order
Export as new Build Order

fuks Terran 

Build Orders:  

Get SALT Encoding   

  12  0:03  SCV  
  13  0:15  SCV  
  13  0:19  Supply Depot  
  14  0:27  SCV  
  15  0:41  SCV  
  16  0:46  Supply Depot  
  16  0:53  SCV  
  17  0:57  Barracks  
  17  1:05  SCV  
  17  1:10  Refinery  
  18  1:17  SCV  
  19  1:19  Barracks  
  19  1:29  Supply Depot  
  19  1:30  SCV  
  20  1:42  SCV  
  21  1:49  Marine  
  23  1:54  SCV  
  23  1:56  Barracks  
  23  2:06  SCV  
  23  2:07  Supply Depot  
  24  2:10  Marine  
  24  2:12  Marine  
  26  2:24  Barracks  
  26  2:26  SCV  
  27  2:36  Supply Depot  
  27  2:37  Marine  
  27  2:41  Marine  
  29  2:49  SCV  
  30  2:58  Marine  
  30  3:01  SCV  
  32  3:05  Supply Depot  
  32  3:11  Engineering Bay  
  32  3:12  Marine  
  33  3:13  Marine  
  33  3:14  Marine  
  35  3:30  Marine x2  
  35  3:31  Marine  
  35  3:32  Marine  
  39  3:37  SCV  
  40  3:45  Terran Infantry Weapons Level 1  
  40  3:47  Marine  
  40  3:48  Marine  
  41  3:49  Marine  
  43  3:58  Planetary Fortress  
  43  4:13  Marine x2  
  43  4:14  Marine x2  
  47  4:31  Marine x3  
  47  4:32  Marine  
  47  4:36  Supply Depot  
  47  4:37  Supply Depot  
  51  4:47  Engineering Bay  
  51  4:49  Marine, SCV  
  53  5:01  SCV  
  53  5:05  Barracks Tech Lab  
  54  5:07  Barracks Reactor  
  54  5:09  Barracks Tech Lab  
  54  5:12  Barracks Reactor  
  54  5:16  SCV  
  55  5:28  SCV  
  56  5:39  Terran Infantry Armor Level 1  
  56  5:40  Refinery  
  56  5:41  SCV  
  57  5:43  Supply Depot  
  57  5:45  Supply Depot  
  57  5:48  Marine x3  
  57  5:49  Marine x3  
  63  5:53  SCV  
  64  6:05  SCV  
  64  6:06  Marine x2  
  65  6:46  Marine x4  
  65  6:47  Marine x2  
  64  7:04  Marine x5  
  64  7:05  Marine  
  68  7:22  Marine x6  
  51  7:39  Marine  
  51  7:40  Marine  
  51  7:41  Marine  
  51  7:42  Marine x3  
  56  7:57  Marine x2  
  58  7:59  Marine x2  
  58  8:00  Marine x2  
  62  8:09  Factory  
  62  8:15  Supply Depot, Marine x2  
  62  8:16  Supply Depot  
  62  8:17  Marine x2  
  62  8:18  Marine x2  
  68  8:33  Marine x2  
  70  8:34  Command Center  
  70  8:43  Stimpack  
  70  8:51  Combat Shields  
  70  8:59  SCV  
  62  10:00  Marine x3  
  62  10:01  Marine x3  
  68  10:18  Marine x4  
  68  10:19  Marine x2  
  69  10:36  Marine  
  69  10:57  Factory Tech Lab  
  69  11:08  Supply Depot  
  69  11:09  Supply Depot  
  69  11:10  Marine x5  
  69  11:11  Marine  
  70  12:19  Marine  
  70  12:20  Marine x5  
  65  12:37  Marine x2  
  65  12:38  Marine x3  
  39  13:30  SCV  
  32  13:41  Marine  
  32  13:42  Marine x5, SCV  
  32  13:54  SCV  
  33  13:59  Marine x3  
  33  14:00  Marine x3  
  39  14:07  SCV  
Tags
 
Add a new tag
Caveats
  • Supply blocks, unpowered buildings, or Contaminate may cause inaccurate times.
  • Supply counts are checked every 10 seconds.